 Dungeon Crawl Stone Soup version 0.31.0-2-g5a2aebc5c2 (webtiles) character file.

Game seed: 9689449626476859071

142 apoch the Chopper (level 5, -5/50 HPs)
             Began as an Oni Gladiator on Jan 20, 2024.
             Slain by a gnoll
             ... wielding a +2 flail of protection
              (12 damage)
             ... on level 2 of the Dungeon.
             The game lasted 00:03:31 (1473 turns).

apoch the Chopper (Oni Gladiator)                   Turns: 1473, Time: 00:03:32

Health: -5/50      AC:  3    Str: 20    XL:     5   Next: 25%
Magic:  5/5        EV: 10    Int:  9    God:
Gold:   136        SH:  0    Dex: 10    Spells: 4/4 levels left

rFire   . . .        a - +0 war axe
rCold   . . .        (no shield)
rNeg    . . .        b - +0 robe
rPois   .            c - +0 hat
rElec   .            (no cloak)
rCorr   .            (gloves unavailable)
SInv    .            (boots unavailable)
Will    .....        (no amulet)
Stlth   +            (no ring)
HPRegen 0.28/turn    (no ring)
MPRegen 0.09/turn

%: no passive effects
@: no status effects
A: large, unfitting armour, horns 1, tough skin 1, double potion healing,
drunken brawling
a: no special abilities


You were on level 2 of the Dungeon.
You visited 1 branch of the dungeon, and saw 2 of its levels.

You collected 136 gold pieces.

Inventory:

Hand Weapons
 a - a +0 war axe (weapon)
Missiles
 d - 4 throwing nets (quivered)
 e - a large rock
Armour
 b - a +0 robe (worn)
 c - a +0 hat (worn)
Scrolls
 f - a scroll of amnesia {unknown}
 g - 2 scrolls of blinking {unknown}
 i - a scroll of noise {unknown}
 k - a scroll of enchant armour {unknown}
 l - a scroll of fog {unknown}
 n - a scroll of torment {unknown}
 p - a scroll of silence {unknown}
 r - 2 scrolls of immolation {unknown}
Potions
 h - 2 potions of lignification {unknown}
 j - a potion of might {unknown}
 m - a potion of magic {unknown}
 o - a potion of haste {unknown}
 q - a potion of curing {unknown}


   Skills:
 - Level 2.6 Fighting
 + Level 4.5 Axes
 + Level 3.9 Throwing
 - Level 2.6 Dodging


You had 4 spell levels left.
You didn't know any spells.
Your spell library contained the following spells:

 Spells                   Type           Power      Damage    Failure   Level
 Blink                    Tloc           0%         N/A       52%         2
 Ensorcelled Hibernation  Hex/Ice        0%         N/A       52%         2
 Lesser Beckoning         Tloc           0%         N/A       52%         2
 Momentum Strike          Conj/Tloc      0%         3d8       52%         2
 Sublimation of Blood     Necr           0%         N/A       52%         2
 Passwall                 Erth           0%         N/A       77%         3
 Swiftness                Air            0%         N/A       77%         3
 Petrify                  Alch/Erth      0%         N/A       99%         4
 Irradiate                Conj/Alch      0%         3d11      100%        5


Dungeon Overview and Level Annotations

Branches:
Dungeon (2/15)

Altars:
Xom


Innate Abilities, Weirdness & Mutations

You are too large for most types of armour.
You have a pair of small horns on your head.
You have tough skin. (AC +1)
You gain doubled healing and magic from potions.
Whenever you drink a healing potion, you attack all around you.


Message History

A gnoll comes into view. It is wielding a +0 whip.
The goblin hits you with a +0 war axe!
You closely miss the goblin.
The gnoll shouts!
You headbutt the goblin.
You kill the goblin!
A bat comes into view.
Things that are here:
a +0 war axe; a +0 robe; a goblin corpse The gnoll hits you with a +2 flail of protection.
You hit the gnoll but do no damage. You headbutt the gnoll.
The gnoll is moderately wounded.
The gnoll misses you.
You barely miss the gnoll. You headbutt the gnoll.
The gnoll is heavily wounded.
You hit the gnoll but do no damage. The gnoll barely misses you.
The gnoll hits you with a +0 club. The gnoll hits you with a +0 whip.
The gnoll hits you with a +0 club. The gnoll closely misses you.
You hit the gnoll but do no damage. You punch the gnoll, but do no damage.
The gnoll is heavily wounded.
You hit the gnoll. x2; The gnoll barely misses you.
The gnoll closely misses you. x2
You hit the gnoll. Your headbutt misses the gnoll.
The gnoll is almost dead.
You barely miss the gnoll. You hit the gnoll.
The gnoll hits you with a +2 flail of protection!
* * * LOW HITPOINT WARNING * * *
The gnoll hits you but does no damage. The gnoll hits you with a +0 club.
* * * LOW HITPOINT WARNING * * *
You hit the gnoll.
The gnoll is almost dead.
You closely miss the gnoll. You barely miss the gnoll.
The gnoll barely misses you. The gnoll hits you with a +0 club.
* * * LOW HITPOINT WARNING * * *
The gnoll closely misses you.
You hit the gnoll.
You kill the gnoll!
You hit the gnoll but do no damage. You hit the gnoll.
The gnoll hits you with a +2 flail of protection!
You die...

...
#.......#.....##########
... ##.>....#.....#
..#####'#####.....## #
..'......# ##...... ..
..###....#####..... ...
... #....##....b.. ....
...##....##....# .....
...............###......
............!..)@g.b....
.......)....#...g)..#...
.......)....#.......#
..###.....#............
.. #.....#....####.....
. #.....#....# .....
#.....#....# ....
#######....# ####


You could see 2 gnolls and a bat (wandering).

Vanquished Creatures
  Jessica (D:2)
  Terence (D:2)
  A gnoll (D:2)
  4 adders (D:2)
  2 dart slugs (D:2)
  A ribbon worm (D:2)
  5 ball pythons
  3 endoplasms (D:1)
  3 giant cockroaches
  4 goblins
  2 hobgoblins (D:1)
  6 jackals (D:1)
  2 quokkas (D:1)
  4 bats
  2 frilled lizards (D:2)
  7 kobolds
  3 rats (D:2)
51 creatures vanquished.

Notes
Turn   | Place    | Note
-------+----------+-------------------------------------------
     0 | D:1      | apoch the Oni Gladiator began the quest for the Orb.
     0 | D:1      | Reached XP level 1. HP: 22/22 MP: 1/1
   106 | D:1      | Reached XP level 2. HP: 27/29 MP: 2/2
   348 | D:1      | Reached XP level 3. HP: 33/36 MP: 3/3
   586 | D:1      | Found a faded altar of an unknown god.
   751 | D:2      | Noticed Terence
   753 | D:2      | Found a shimmering altar of Xom.
   764 | D:2      | Killed Terence
   928 | D:2      | Noticed Jessica
   930 | D:2      | Killed Jessica
   931 | D:2      | Reached skill level 4 in Axes
   931 | D:2      | Reached XP level 4. HP: 32/44 MP: 4/4
  1244 | D:2      | Reached XP level 5. HP: 49/50 MP: 5/5
  1473 | D:2      | Slain by a gnoll

Illustrated notes

Levels and vault maps discovered:
D:1:      amcnicky_arrival_gap_in_the_tavern_cellar, layout_loops_ring,
          basic_ecumenical_altar, feat_on_display
D:2:      layout_basic, basic_altar, minmay_hedge_maze, minmay_split_cup_large,
          uniq_terence, uniq_jessica

Skill      XL: |  1  2  3 |
---------------+----------+-----
Throwing       | 3 |  3.9
Axes           | 4 |  4.5
Fighting       | |  2.6
Dodging        | |  2.6

Action                     |  1- 3 |  4- 6 || total
---------------------------+-------+-------++-------
  Melee: War axe           |    77 |    67 ||   144
         Headbutt          |    11 |     8 ||    19
         Punch             |     1 |     1 ||     2
  Throw: Throwing net      |       |     1 ||     1
 Armour: Robe              |    45 |    53 ||    98
  Dodge: Dodged            |    52 |    37 ||    89
